CHICAGO Blackhawks vs VEGAS Golden Knights

Created - 22 avril 2024 at 11:08

Goals
1 2 3 T
CHICAGO Blackhawks 1 0 2 3
VEGAS Golden Knights 0 2 0 2
Shots
1 2 3 T
CHICAGO Blackhawks 5 5 12 22
VEGAS Golden Knights 20 11 10 41

1st period

1. CHICAGO Blackhawks , Matt Irwin 1 (Jakub Vrana 3, Brett Ritchie 2) at 7:28

Penalties :
Aaron Ekblad (CHI) for Tripping (Minor) at 0:03, Tony DeAngelo (VGK) for Fighting (Major) at 4:15, Tom Wilson (CHI) for Fighting (Major) at 4:15, Marcus Foligno (CHI) for Holding (Minor) at 5:09, Josh Manson (CHI) for Roughing (Minor) at 8:53, Andrei Svechnikov (VGK) for Tripping (Minor) at 16:02, Nicolas Hague (CHI) for Hooking (Minor) at 18:22

2nd period

2. VEGAS Golden Knights , Tomas Tatar 20 (Colton Sissons 39, Noah Hanifin 42) at 3:43 (PP)
3. VEGAS Golden Knights , Adam Larsson 11 (Sebastian Aho 49) at 7:25

Penalties :
Tom Wilson (CHI) for Interference (Minor) at 2:37, Josh Manson (CHI) for Holding (Minor) at 4:19, Matt Roy (CHI) for Tripping (Minor) at 8:52

3rd period

4. CHICAGO Blackhawks , Aaron Ekblad 20 (Matt Roy 40, Sam Carrick 3) at 5:33 (PP)
5. CHICAGO Blackhawks , Trent Frederic 13 (Jonathan Toews 29, Teuvo Teravainen 28) at 19:48 (PP)

Penalties :
Alex Killorn (VGK) for Tripping (Minor) at 3:41, Sam Carrick (CHI) for Hooking (Minor) at 13:43, Jordan Oesterle (VGK) for Holding (Minor) at 19:14

Goalie Stats

James Reimer (CHI), 39 saves from 41 shots - (0,951), W, 9-17-3, 60:00 minutes
Connor Hellebuyck (VGK), 19 saves from 22 shots - (0,864), L, 43-34-5, 60:00 minutes

Players Stats for CHICAGO Blackhawks

Player Name              G  A  P  +/- PIM S  H  SB GA TA FO     MP     PP MP  PK MP  
------------------------------------------------------------------------------------
Aaron Ekblad             1  0  1   0  2   2  2  1  0  0  0/0    24:26   3:02   7:29 
Brett Ritchie            0  1  1   0  0   1  0  2  0  0  0/0     9:48   0:00   0:00 
Eric Robinson            0  0  0   0  0   1  1  0  0  0  0/0     8:45   1:35   0:40 
Erik Johnson             0  0  0  -1  0   0  1  1  0  0  0/0    23:28   1:23   6:03 
Jakub Vrana              0  1  1   0  0   1  0  0  0  0  0/0     9:48   0:00   0:00 
Jonathan Toews           0  1  1   0  0   3  0  2  0  0  20/40  25:30   2:19   9:10 
Josh Manson              0  0  0  -1  4   0  2  0  0  0  0/0    22:30   1:23   5:07 
Marcus Foligno           0  0  0   0  2   0  1  0  0  0  0/0    17:59   2:06   4:42 
Matt Irwin               1  0  1   1  0   1  0  0  0  0  0/0    11:54   0:00   0:09 
Matt Roy                 0  1  1   0  2   0  1  0  0  0  0/0    23:36   3:02   7:25 
Max Jones                0  0  0   0  0   0  0  0  0  0  0/0     0:00   0:00   0:00 
Nicolas Hague            0  0  0   1  2   1  2  1  0  0  0/0    14:01   0:00   3:03 
Sam Carrick              0  1  1   0  2   3  1  0  0  0  7/11   10:39   0:52   0:00 
Taylor Raddysh           0  0  0   0  0   0  0  0  0  0  0/1     5:56   0:00   0:00 
Teuvo Teravainen         0  1  1   0  0   4  2  0  0  0  0/3    25:36   2:19   9:16 
Tom Wilson               0  0  0   0  7   1  1  0  0  0  0/1    14:48   1:25   0:09 
Trent Frederic           1  0  1   0  0   3  1  0  0  0  10/31  19:21   2:39   5:19 
Tyler Motte              0  0  0   0  0   1  0  1  0  0  3/4    17:08   0:00   0:00 

Players Stats for VEGAS Golden Knights

Player Name              G  A  P  +/- PIM S  H  SB GA TA FO     MP     PP MP  PK MP  
------------------------------------------------------------------------------------
Adam Erne                0  0  0  -1  0   2  2  0  0  0  0/0     9:11   0:00   0:00 
Adam Larsson             1  0  1   1  0   2  3  2  0  0  1/1    21:41   1:47   2:22 
Alex Killorn             0  0  0   0  2   5  2  0  0  0  1/3    19:55   6:29   0:28 
Andrei Svechnikov        0  0  0   0  2   1  2  0  0  0  0/0    20:15   7:28   0:00 
Colton Sissons           0  1  1  -1  0   1  1  0  0  0  12/18  18:35   7:38   3:24 
Devin Shore              0  0  0   0  0   0  0  0  0  0  0/0     5:36   0:00   0:33 
Evgenii Dadonov          0  0  0  -1  0   1  0  0  0  0  0/0     9:11   0:00   0:00 
Jared McCann             0  0  0   1  0   4  1  0  0  0  1/3    21:57   7:15   0:00 
Jordan Oesterle          0  0  0  -1  2   0  1  1  0  0  0/0    13:11   0:46   0:19 
Mikael Granlund          0  0  0   0  0   3  1  0  0  0  9/17   19:38   5:59   0:00 
Mike Reilly              0  0  0  -1  0   0  2  3  0  0  0/0    12:02   0:00   0:00 
Noah Hanifin             0  1  1   0  0   3  3  1  0  0  0/0    23:12   8:46   2:03 
Noel Acciari             0  0  0   0  0   3  2  0  0  0  6/10   13:27   7:23   1:01 
Olli Maatta              0  0  0   1  0   0  2  2  0  0  0/0    18:35   0:00   2:03 
Phil Di Giuseppe         0  0  0   0  0   1  0  0  0  0  0/0     5:03   0:00   0:00 
Sebastian Aho            0  1  1   1  0   3  5  1  0  0  20/36  24:34   7:15   3:24 
Tomas Tatar              1  0  1   1  0   7  2  0  0  0  1/3    20:38   6:54   0:00 
Tony DeAngelo            0  0  0   0  5   5  1  0  0  0  0/0    18:50   5:30   2:03 

3 Stars

1 - James Reimer (CHI)
2 - Adam Larsson (VGK)
3 - Tomas Tatar (VGK)

Power Play

CHICAGO Blackhawks - 2 on 3 Attempt(s) - 66,67%
VEGAS Golden Knights - 1 on 8 Attempt(s) - 12,50%

Penalty Kill

CHICAGO Blackhawks - 7 on 8 Attempt(s) - 87,50% - Score 0 goal in Penalty Kill
VEGAS Golden Knights - 1 on 3 Attempt(s) - 33,33% - Score 0 goal in Penalty Kill

Team Stat

CHICAGO Blackhawks - Hits : 15 - Faceoff Wins : 40 - Blocked Shots : 8 - Penalty Minutes : 21
VEGAS Golden Knights - Hits : 30 - Faceoff Wins : 51 - Blocked Shots : 10 - Penalty Minutes : 11

Official

Referees : Daria Ermak and Kevin Pollock
Linesman : Nikoleta Celarova and Kirsten Welsh

Game Notes

Tony DeAngelo and Tom Wilson fight to a draw at 4:15 of 1st period

Finance

Level 1 -- Attendance: 4863 (81,05%) -- Ticket Income $486,300
Level 2 -- Attendance: 3927 (78,54%) -- Ticket Income $235,620
Level 3 -- Attendance: 2000 (100,00%) -- Ticket Income $70,000
Level 4 -- Attendance: 2791 (69,78%) -- Ticket Income $69,775
Luxury Box -- Attendance: 764 (76,40%) -- Ticket Income $152,800
Game was played at the T-Mobile Arena.
Total Attendance: 14345 (79,69%)
Total Ticket Income: $1,014,495
Other Income: $253,624
Total Income: $1,268,119

CHICAGO Blackhawks

5 vs 5 Forward 
   Center                   Left Wing                Right Wing               Time % Phy DF OF 
 1 Jonathan Toews           Teuvo Teravainen         Tom Wilson               40     0   1  4  
 2 Trent Frederic           Marcus Foligno           Tyler Motte              30     1   1  3  
 3 Tyler Motte              Eric Robinson            Taylor Raddysh           20     1   3  1  
 4 Sam Carrick              Jakub Vrana              Brett Ritchie            10     1   3  1  

5 vs 5 Defense 
   Defense                  Defense                                           Time % Phy DF OF 
 1 Aaron Ekblad             Matt Roy                                          40     1   2  2  
 2 Erik Johnson             Josh Manson                                       30     1   2  2  
 3 Nicolas Hague            Matt Irwin                                        20     1   2  2  
 4 Aaron Ekblad             Matt Roy                                          10     1   2  2  

PowerPlay Forward 
   Center                   Left Wing                Right Wing               Time % Phy DF OF 
 1 Jonathan Toews           Teuvo Teravainen         Trent Frederic           60     1   2  2  
 2 Trent Frederic           Marcus Foligno           Tom Wilson               40     1   2  2  

PowerPlay Defense
   Defense                  Defense                                           Time % Phy DF OF 
 1 Aaron Ekblad             Matt Roy                                          60     1   2  2  
 2 Erik Johnson             Josh Manson                                       40     1   2  2  

Penalty Kill 4 Players Forward 
   Center                   Wing                     Time % Phy DF OF 
 1 Jonathan Toews           Teuvo Teravainen         60     1   2  2  
 2 Trent Frederic           Marcus Foligno           40     1   2  2  

Penalty Kill 4 Players Defense
   Defense                  Defense                  Time % Phy DF OF 
 1 Aaron Ekblad             Matt Roy                 60     1   2  2  
 2 Erik Johnson             Josh Manson              40     1   2  2  

Penalty Kill - 3 Players Forward 
   Forward                                           Time % Phy DF OF 
 1 Jonathan Toews                                    60     1   2  2  
 2 Trent Frederic                                    40     1   2  2  

Penalty Kill - 3 Players Defense
   Defense                  Defense                  Time % Phy DF OF 
 1 Aaron Ekblad             Matt Roy                 60     1   2  2  
 2 Erik Johnson             Josh Manson              40     1   2  2  

4 vs 4 Forward 
   Center                   Wing                     Time % Phy DF OF 
 1 Jonathan Toews           Teuvo Teravainen         60     1   2  2  
 2 Trent Frederic           Marcus Foligno           40     1   2  2  

4 vs 4 Defense
   Defense                  Defense                  Time % Phy DF OF 
 1 Aaron Ekblad             Matt Roy                 60     1   2  2  
 2 Erik Johnson             Josh Manson              40     1   2  2  

Last Minutes Offensive
   Center                   Left Wing                Right Wing               Defense                  Defense                  
   Jonathan Toews           Teuvo Teravainen         Trent Frederic           Aaron Ekblad             Matt Roy                 

Last Minutes Defensive
   Center                   Left Wing                Right Wing               Defense                  Defense                  
   Jonathan Toews           Teuvo Teravainen         Trent Frederic           Aaron Ekblad             Matt Roy                 

Goaltenders
Starting : James Reimer             
Backup : Frederik Andersen        

Extra Forwards
Normal : Tom Wilson, Eric Robinson, Tyler Motte - PP : Tom Wilson, Eric Robinson - PK : Tom Wilson
Extra Defensemen
Normal : Josh Manson, Nicolas Hague, Matt Irwin - PP : Josh Manson - PK : Josh Manson, Nicolas Hague
Penalty Shots
Teuvo Teravainen, Marcus Foligno, Jonathan Toews, Trent Frederic, Tom Wilson

Scratches
None

VEGAS Golden Knights

5 vs 5 Forward 
   Center                   Left Wing                Right Wing               Time % Phy DF OF 
 1 Sebastian Aho            Jared McCann             Tomas Tatar              36     1   2  2  
 2 Mikael Granlund          Andrei Svechnikov        Alex Killorn             30     1   2  2  
 3 Colton Sissons           Adam Erne                Evgenii Dadonov          25     1   2  2  
 4 Noel Acciari             Phil Di Giuseppe         Devin Shore              9      1   2  2  

5 vs 5 Defense 
   Defense                  Defense                                           Time % Phy DF OF 
 1 Adam Larsson             Olli Maatta                                       40     1   2  2  
 2 Noah Hanifin             Tony DeAngelo                                     33     1   2  2  
 3 Mike Reilly              Jordan Oesterle                                   22     1   2  2  
 4 Adam Larsson             Noah Hanifin                                      5      1   2  2  

PowerPlay Forward 
   Center                   Left Wing                Right Wing               Time % Phy DF OF 
 1 Sebastian Aho            Jared McCann             Alex Killorn             65     0   1  4  
 2 Colton Sissons           Noel Acciari             Tomas Tatar              35     0   2  3  

PowerPlay Defense
   Defense                  Defense                                           Time % Phy DF OF 
 1 Andrei Svechnikov        Noah Hanifin                                      65     0   1  4  
 2 Mikael Granlund          Tony DeAngelo                                     35     0   2  3  

Penalty Kill 4 Players Forward 
   Center                   Wing                     Time % Phy DF OF 
 1 Colton Sissons           Sebastian Aho            60     1   3  1  
 2 Noel Acciari             Alex Killorn             40     1   3  1  

Penalty Kill 4 Players Defense
   Defense                  Defense                  Time % Phy DF OF 
 1 Adam Larsson             Tony DeAngelo            60     1   3  1  
 2 Noah Hanifin             Olli Maatta              40     1   3  1  

Penalty Kill - 3 Players Forward 
   Forward                                           Time % Phy DF OF 
 1 Colton Sissons                                    60     0   5  0  
 2 Sebastian Aho                                     40     0   5  0  

Penalty Kill - 3 Players Defense
   Defense                  Defense                  Time % Phy DF OF 
 1 Adam Larsson             Noah Hanifin             60     0   5  0  
 2 Tony DeAngelo            Olli Maatta              40     0   5  0  

4 vs 4 Forward 
   Center                   Wing                     Time % Phy DF OF 
 1 Sebastian Aho            Alex Killorn             60     1   2  2  
 2 Mikael Granlund          Jared McCann             40     1   2  2  

4 vs 4 Defense
   Defense                  Defense                  Time % Phy DF OF 
 1 Adam Larsson             Tony DeAngelo            60     1   2  2  
 2 Noah Hanifin             Olli Maatta              40     1   2  2  

Last Minutes Offensive
   Center                   Left Wing                Right Wing               Defense                  Defense                  
   Sebastian Aho            Jared McCann             Alex Killorn             Tony DeAngelo            Noah Hanifin             

Last Minutes Defensive
   Center                   Left Wing                Right Wing               Defense                  Defense                  
   Sebastian Aho            Colton Sissons           Alex Killorn             Adam Larsson             Noah Hanifin             

Goaltenders
Starting : Connor Hellebuyck        
Backup : Pyotr Kochetkov          

Extra Forwards
Normal : Jared McCann, Sebastian Aho, Alex Killorn - PP : Sebastian Aho, Mikael Granlund - PK : Colton Sissons
Extra Defensemen
Normal : Adam Larsson, Noah Hanifin, Tony DeAngelo - PP : Tony DeAngelo - PK : Adam Larsson, Noah Hanifin
Penalty Shots
Sebastian Aho, Jared McCann, Andrei Svechnikov, Alex Killorn, Tomas Tatar

Scratches
None


% Time on Ice - CHICAGO Blackhawks

Lines # - Real PCT - Wanted PCT - Time Play
Normal Forward
1 - 34% - 40% - 13:50
2 - 27% - 30% - 11:12
3 - 15% - 20% - 5:56
4 - 24% - 10% - 9:48
Normal Defense
1 - 34% - 40% - 13:45
2 - 39% - 30% - 16:02
3 - 27% - 20% - 10:59
4 - 0% - 10% - 0:00
PP Forward
1 - 52% - 60% - 2:19
2 - 48% - 40% - 2:06
PP Defense
1 - 69% - 60% - 3:02
2 - 31% - 40% - 1:23
PK Forward
1 - 64% - 60% - 9:19
2 - 36% - 40% - 5:19
PK Defense
1 - 60% - 60% - 8:48
2 - 40% - 40% - 5:50
PK3 Forward
1 - 0% - 60%
2 - 0% - 40%
PK3 Defense
1 - 0% - 60%
2 - 0% - 40%
44 Forward
1 - 0% - 60%
2 - 0% - 40%
44 Defense
1 - 0% - 60%
2 - 0% - 40%
Last Minute Offensive  - 0:00
Last Minute Defensive  - 0:11
Total
Forward - 60:00
Defense - 60:00

% Time on Ice - VEGAS Golden Knights

Lines # - Real PCT - Wanted PCT - Time Play
Normal Forward
1 - 34% - 36% - 13:44
2 - 31% - 30% - 12:48
3 - 23% - 25% - 9:11
4 - 12% - 9% - 5:03
Normal Defense
1 - 41% - 40% - 16:32
2 - 30% - 33% - 12:12
3 - 30% - 22% - 12:02
4 - 0% - 5% - 0:00
PP Forward
1 - 50% - 65% - 7:15
2 - 50% - 35% - 7:23
PP Defense
1 - 60% - 65% - 8:46
2 - 40% - 35% - 5:52
PK Forward
1 - 77% - 60% - 3:24
2 - 23% - 40% - 1:01
PK Defense
1 - 54% - 60% - 2:22
2 - 46% - 40% - 2:03
PK3 Forward
1 - 0% - 60%
2 - 0% - 40%
PK3 Defense
1 - 0% - 60%
2 - 0% - 40%
44 Forward
1 - 0% - 60%
2 - 0% - 40%
44 Defense
1 - 0% - 60%
2 - 0% - 40%
Last Minute Offensive  - 0:11
Last Minute Defensive  - 0:00
Total
Forward - 60:00
Defense - 60:00

Play-by-Play

1st period


0:01 of 1st period - Sebastian Aho wins face-off versus Tom Wilson in neutral zone.
0:03 of 1st period - Minor Penalty to Aaron Ekblad for Tripping.
0:04 of 1st period - Jonathan Toews wins face-off versus Sebastian Aho in CHICAGO Blackhawks zone.
0:04 of 1st period - Jonathan Toews is hit by Alex Killorn.
0:14 of 1st period - Shot by Noah Hanifin.
0:14 of 1st period - Stopped by James Reimer without a rebound.
0:15 of 1st period - Jonathan Toews wins face-off versus Colton Sissons in CHICAGO Blackhawks zone.
0:15 of 1st period - Jonathan Toews is hit by Noel Acciari.
0:45 of 1st period - Shot by Tony DeAngelo.
0:45 of 1st period - Shot Misses the Net.
0:47 of 1st period - Shot by Mikael Granlund.
0:47 of 1st period - Stopped by James Reimer with a rebound.
0:49 of 1st period - Shot by Noel Acciari.
0:49 of 1st period - Stopped by James Reimer with a rebound.
0:51 of 1st period - Shot by Tony DeAngelo.
0:51 of 1st period - Stopped by James Reimer with a rebound.
0:53 of 1st period - Shot by Tomas Tatar.
0:53 of 1st period - Stopped by James Reimer with a rebound.
2:11 of 1st period - Shot by Aaron Ekblad.
2:11 of 1st period - Shot Misses the Net.
3:11 of 1st period - Off-side.
3:12 of 1st period - Noel Acciari wins face-off versus Jonathan Toews in neutral zone.
3:42 of 1st period - Shot by Noel Acciari.
3:42 of 1st period - Stopped by James Reimer without a rebound.
3:43 of 1st period - Sebastian Aho wins face-off versus Trent Frederic in CHICAGO Blackhawks zone.
3:44 of 1st period - Shot by Jared McCann.
3:44 of 1st period - Stopped by James Reimer with a rebound.
3:46 of 1st period - Shot by Noah Hanifin.
3:46 of 1st period - Stopped by James Reimer without a rebound.
3:47 of 1st period - Sebastian Aho wins face-off versus Trent Frederic in CHICAGO Blackhawks zone.
3:48 of 1st period - Shot by Tomas Tatar.
3:48 of 1st period - Stopped by James Reimer without a rebound.
3:49 of 1st period - Trent Frederic wins face-off versus Sebastian Aho in CHICAGO Blackhawks zone.
3:54 of 1st period - Shot by Tony DeAngelo.
3:54 of 1st period - Stopped by James Reimer without a rebound.
3:55 of 1st period - Jonathan Toews wins face-off versus Mikael Granlund in CHICAGO Blackhawks zone.
3:55 of 1st period - Jonathan Toews is hit by Mikael Granlund.
4:00 of 1st period - Icing by Teuvo Teravainen.
4:01 of 1st period - Sebastian Aho wins face-off versus Jonathan Toews in CHICAGO Blackhawks zone.
4:01 of 1st period - Tony DeAngelo is hit by Nicolas Hague and loses puck.
4:04 of 1st period - Shot by Jared McCann.
4:04 of 1st period - Stopped by James Reimer with a rebound.
4:15 of 1st period - Tony DeAngelo and Tom Wilson fight to a draw.
4:15 of 1st period - Penalty to Tony DeAngelo for Fighting.
4:15 of 1st period - Penalty to Tom Wilson for Fighting.
4:16 of 1st period - Mikael Granlund wins face-off versus Trent Frederic in CHICAGO Blackhawks zone.
5:09 of 1st period - Minor Penalty to Marcus Foligno for Holding.
5:10 of 1st period - Jonathan Toews wins face-off versus Colton Sissons in CHICAGO Blackhawks zone.
5:51 of 1st period - Icing by Noah Hanifin.
5:52 of 1st period - Jonathan Toews wins face-off versus Colton Sissons in VEGAS Golden Knights zone.
5:52 of 1st period - Jonathan Toews is hit by Noah Hanifin.
6:40 of 1st period - Shot by Sebastian Aho.
6:40 of 1st period - Stopped by James Reimer without a rebound.
6:41 of 1st period - Sebastian Aho wins face-off versus Trent Frederic in CHICAGO Blackhawks zone.
6:42 of 1st period - Shot by Alex Killorn.
6:42 of 1st period - Stopped by James Reimer with a rebound.
7:14 of 1st period - Shot by Evgenii Dadonov.
7:14 of 1st period - Shot Misses the Net.
7:21 of 1st period - Nicolas Hague is hit by Mike Reilly and loses puck.
7:26 of 1st period - Shot by Jakub Vrana.
7:26 of 1st period - Stopped by Connor Hellebuyck with a rebound.
7:28 of 1st period - Shot by Matt Irwin.
7:28 of 1st period - Goal by Matt Irwin - CHICAGO Blackhawks : 1 - VEGAS Golden Knights : 0.
7:29 of 1st period - Tyler Motte wins face-off versus Noel Acciari in neutral zone.
7:48 of 1st period - Shot by Tyler Motte.
7:48 of 1st period - Shot Misses the Net.
7:50 of 1st period - Shot by Tyler Motte.
7:50 of 1st period - Shot Misses the Net.
7:52 of 1st period - Shot by Tyler Motte.
7:52 of 1st period - Deflect By Eric Robinson.
7:52 of 1st period - Shot Misses the Net.
7:54 of 1st period - Shot by Tyler Motte.
7:54 of 1st period - Stopped by Connor Hellebuyck without a rebound.
7:55 of 1st period - Sebastian Aho wins face-off versus Sam Carrick in VEGAS Golden Knights zone.
8:00 of 1st period - Jakub Vrana is hit by Sebastian Aho and loses puck.
8:19 of 1st period - Shot by Tomas Tatar.
8:19 of 1st period - Stopped by James Reimer without a rebound.
8:20 of 1st period - Jonathan Toews wins face-off versus Mikael Granlund in CHICAGO Blackhawks zone.
8:20 of 1st period - Jonathan Toews is hit by Andrei Svechnikov.
8:29 of 1st period - Mikael Granlund is hit by Josh Manson and loses puck.
8:53 of 1st period - Minor Penalty to Josh Manson for Roughing.
8:54 of 1st period - Sebastian Aho wins face-off versus Trent Frederic in CHICAGO Blackhawks zone.
8:54 of 1st period - Mike Reilly is hit by Aaron Ekblad and loses puck.
9:07 of 1st period - Shot by Jared McCann.
9:07 of 1st period - Shot Misses the Net.
9:09 of 1st period - Shot by Sebastian Aho.
9:09 of 1st period - Shot Misses the Net.
9:11 of 1st period - Shot by Jared McCann.
9:11 of 1st period - Stopped by James Reimer with a rebound.
9:23 of 1st period - Shot by Mikael Granlund.
9:23 of 1st period - Shot Blocked by Erik Johnson.
9:25 of 1st period - Shot by Tony DeAngelo.
9:25 of 1st period - Shot Blocked by Nicolas Hague.
9:43 of 1st period - Shot by Tony DeAngelo.
9:43 of 1st period - Shot Hit the Post.
9:45 of 1st period - Shot by Mikael Granlund.
9:45 of 1st period - Shot Misses the Net.
9:47 of 1st period - Shot by Tony DeAngelo.
9:47 of 1st period - Stopped by James Reimer without a rebound.
9:48 of 1st period - Trent Frederic wins face-off versus Alex Killorn in CHICAGO Blackhawks zone.
11:18 of 1st period - Shot by Evgenii Dadonov.
11:18 of 1st period - Shot Misses the Net.
11:21 of 1st period - Icing by Matt Irwin.
11:22 of 1st period - Noel Acciari wins face-off versus Sam Carrick in CHICAGO Blackhawks zone.
11:52 of 1st period - Icing by Noel Acciari.
11:53 of 1st period - Noel Acciari wins face-off versus Trent Frederic in VEGAS Golden Knights zone.
11:53 of 1st period - Noel Acciari is hit by Marcus Foligno.
12:29 of 1st period - Icing by Jordan Oesterle.
12:30 of 1st period - Noel Acciari wins face-off versus Jonathan Toews in VEGAS Golden Knights zone.
12:30 of 1st period - Phil Di Giuseppe is hit by Tom Wilson and loses puck.
12:47 of 1st period - Shot by Teuvo Teravainen.
12:47 of 1st period - Shot Blocked by Mike Reilly.
13:06 of 1st period - Off-side.
13:07 of 1st period - Tomas Tatar wins face-off versus Taylor Raddysh in neutral zone.
13:20 of 1st period - Jared McCann is hit by Eric Robinson and loses puck.
13:50 of 1st period - Off-side.
13:51 of 1st period - Mikael Granlund wins face-off versus Jonathan Toews in neutral zone.
14:10 of 1st period - Shot by Andrei Svechnikov.
14:10 of 1st period - Deflect By Mikael Granlund.
14:10 of 1st period - Shot Misses the Net.
14:22 of 1st period - Shot by Mikael Granlund.
14:22 of 1st period - Deflect By Alex Killorn.
14:22 of 1st period - Shot Blocked by Jonathan Toews.
14:24 of 1st period - Shot by Mikael Granlund.
14:24 of 1st period - Shot Misses the Net.
15:33 of 1st period - Shot by Jared McCann.
15:33 of 1st period - Shot Misses the Net.
15:35 of 1st period - Shot by Sebastian Aho.
15:35 of 1st period - Deflect By Jared McCann.
15:35 of 1st period - Stopped by James Reimer without a rebound.
15:36 of 1st period - Trent Frederic wins face-off versus Sebastian Aho in CHICAGO Blackhawks zone.
15:38 of 1st period - Icing by Aaron Ekblad.
15:39 of 1st period - Sebastian Aho wins face-off versus Trent Frederic in CHICAGO Blackhawks zone.
15:53 of 1st period - Shot by Trent Frederic.
15:53 of 1st period - Stopped by Connor Hellebuyck without a rebound.
15:54 of 1st period - Mikael Granlund wins face-off versus Sam Carrick in VEGAS Golden Knights zone.
16:02 of 1st period - Minor Penalty to Andrei Svechnikov for Tripping.
16:03 of 1st period - Colton Sissons wins face-off versus Trent Frederic in VEGAS Golden Knights zone.
16:14 of 1st period - Shot by Aaron Ekblad.
16:14 of 1st period - Stopped by Connor Hellebuyck without a rebound.
16:15 of 1st period - Colton Sissons wins face-off versus Trent Frederic in VEGAS Golden Knights zone.
17:19 of 1st period - Jonathan Toews is hit by Olli Maatta and loses puck.
18:07 of 1st period - Icing by Alex Killorn.
18:08 of 1st period - Sam Carrick wins face-off versus Mikael Granlund in VEGAS Golden Knights zone.
18:08 of 1st period - Brett Ritchie is hit by Mike Reilly and loses puck.
18:22 of 1st period - Minor Penalty to Nicolas Hague for Hooking.
18:23 of 1st period - Jonathan Toews wins face-off versus Tomas Tatar in CHICAGO Blackhawks zone.
18:32 of 1st period - Shot by Tomas Tatar.
18:32 of 1st period - Stopped by James Reimer without a rebound.
18:33 of 1st period - Sebastian Aho wins face-off versus Jonathan Toews in CHICAGO Blackhawks zone.
18:55 of 1st period - Off-side.
18:56 of 1st period - Colton Sissons wins face-off versus Trent Frederic in neutral zone.
18:59 of 1st period - Shot by Mikael Granlund.
18:59 of 1st period - Stopped by James Reimer with a rebound.
19:01 of 1st period - Shot by Tony DeAngelo.
19:01 of 1st period - Shot Misses the Net.
19:03 of 1st period - Shot by Tomas Tatar.
19:03 of 1st period - Shot Misses the Net.
19:05 of 1st period - Shot by Colton Sissons.
19:05 of 1st period - Deflect By Tomas Tatar.
19:05 of 1st period - Stopped by James Reimer without a rebound.
19:06 of 1st period - Sebastian Aho wins face-off versus Jonathan Toews in CHICAGO Blackhawks zone.
19:08 of 1st period - Jared McCann is hit by Matt Roy.
19:36 of 1st period - Marcus Foligno is hit by Sebastian Aho and loses puck.
Goals for this period are 1 for CHICAGO Blackhawks vs 0 for VEGAS Golden Knights.
Shots for this period are 5 for CHICAGO Blackhawks vs 20 for VEGAS Golden Knights.

2nd period


0:01 of 2nd period - Jonathan Toews wins face-off versus Jared McCann in neutral zone.
0:01 of 2nd period - Jonathan Toews is hit by Sebastian Aho.
0:15 of 2nd period - Shot by Alex Killorn.
0:15 of 2nd period - Stopped by James Reimer without a rebound.
0:16 of 2nd period - Colton Sissons wins face-off versus Jonathan Toews in CHICAGO Blackhawks zone.
1:03 of 2nd period - Shot by Evgenii Dadonov.
1:03 of 2nd period - Shot Misses the Net.
1:22 of 2nd period - Teuvo Teravainen is hit by Adam Larsson.
1:28 of 2nd period - Shot by Teuvo Teravainen.
1:28 of 2nd period - Shot Misses the Net.
1:30 of 2nd period - Shot by Tom Wilson.
1:30 of 2nd period - Deflect By Teuvo Teravainen.
1:30 of 2nd period - Stopped by Connor Hellebuyck without a rebound.
1:31 of 2nd period - Sam Carrick wins face-off versus Jared McCann in VEGAS Golden Knights zone.
2:07 of 2nd period - Shot by Sebastian Aho.
2:07 of 2nd period - Shot Misses the Net.
2:26 of 2nd period - Icing by Sebastian Aho.
2:27 of 2nd period - Jonathan Toews wins face-off versus Sebastian Aho in VEGAS Golden Knights zone.
2:27 of 2nd period - Teuvo Teravainen is hit by Tony DeAngelo and loses puck.
2:35 of 2nd period - Tony DeAngelo is hit by Teuvo Teravainen and loses puck.
2:37 of 2nd period - Minor Penalty to Tom Wilson for Interference.
2:38 of 2nd period - Colton Sissons wins face-off versus Jonathan Toews in CHICAGO Blackhawks zone.
3:04 of 2nd period - Shot by Andrei Svechnikov.
3:04 of 2nd period - Shot Misses the Net.
3:06 of 2nd period - Shot by Noel Acciari.
3:06 of 2nd period - Stopped by James Reimer without a rebound.
3:07 of 2nd period - Sebastian Aho wins face-off versus Jonathan Toews in CHICAGO Blackhawks zone.
3:16 of 2nd period - Shot by Sebastian Aho.
3:16 of 2nd period - Shot Misses the Net.
3:18 of 2nd period - Shot by Tony DeAngelo.
3:18 of 2nd period - Stopped by James Reimer with a rebound.
3:20 of 2nd period - Shot by Alex Killorn.
3:20 of 2nd period - Stopped by James Reimer without a rebound.
3:21 of 2nd period - Trent Frederic wins face-off versus Tomas Tatar in CHICAGO Blackhawks zone.
3:27 of 2nd period - Icing by Noah Hanifin.
3:28 of 2nd period - Colton Sissons wins face-off versus Jonathan Toews in VEGAS Golden Knights zone.
3:35 of 2nd period - Shot by Tomas Tatar.
3:35 of 2nd period - Deflect By Noel Acciari.
3:35 of 2nd period - Shot Misses the Net.
3:37 of 2nd period - Shot by Andrei Svechnikov.
3:37 of 2nd period - Deflect By Noel Acciari.
3:37 of 2nd period - Shot Blocked by Aaron Ekblad.
3:41 of 2nd period - Shot by Colton Sissons.
3:41 of 2nd period - Shot Misses the Net.
3:43 of 2nd period - Shot by Tomas Tatar.
3:43 of 2nd period - Goal by Tomas Tatar - CHICAGO Blackhawks : 1 - VEGAS Golden Knights : 1.
3:44 of 2nd period - Trent Frederic wins face-off versus Mikael Granlund in neutral zone.
3:59 of 2nd period - Shot by Trent Frederic.
3:59 of 2nd period - Stopped by Connor Hellebuyck with a rebound.
4:19 of 2nd period - Minor Penalty to Josh Manson for Holding.
4:20 of 2nd period - Colton Sissons wins face-off versus Jonathan Toews in CHICAGO Blackhawks zone.
5:03 of 2nd period - Nicolas Hague is hit by Noel Acciari.
6:26 of 2nd period - Shot by Evgenii Dadonov.
6:26 of 2nd period - Shot Misses the Net.
6:57 of 2nd period - Icing by Evgenii Dadonov.
6:58 of 2nd period - Sam Carrick wins face-off versus Mikael Granlund in VEGAS Golden Knights zone.
7:14 of 2nd period - Brett Ritchie is hit by Tomas Tatar and loses puck.
7:23 of 2nd period - Shot by Sebastian Aho.
7:23 of 2nd period - Stopped by James Reimer with a rebound.
7:25 of 2nd period - Shot by Adam Larsson.
7:25 of 2nd period - Goal by Adam Larsson - CHICAGO Blackhawks : 1 - VEGAS Golden Knights : 2.
7:26 of 2nd period - Trent Frederic wins face-off versus Noel Acciari in neutral zone.
7:38 of 2nd period - Icing by Tony DeAngelo.
7:39 of 2nd period - Jonathan Toews wins face-off versus Noel Acciari in VEGAS Golden Knights zone.
7:39 of 2nd period - Jonathan Toews is hit by Noah Hanifin.
7:55 of 2nd period - Shot by Noah Hanifin.
7:55 of 2nd period - Shot Misses the Net.
7:57 of 2nd period - Shot by Tony DeAngelo.
7:57 of 2nd period - Shot Misses the Net.
8:52 of 2nd period - Minor Penalty to Matt Roy for Tripping.
8:53 of 2nd period - Jonathan Toews wins face-off versus Sebastian Aho in CHICAGO Blackhawks zone.
9:37 of 2nd period - Icing by Noel Acciari.
9:38 of 2nd period - Colton Sissons wins face-off versus Jonathan Toews in VEGAS Golden Knights zone.
9:46 of 2nd period - Off-side.
9:47 of 2nd period - Colton Sissons wins face-off versus Trent Frederic in neutral zone.
10:21 of 2nd period - Shot by Colton Sissons.
10:21 of 2nd period - Deflect By Tomas Tatar.
10:21 of 2nd period - Shot Misses the Net.
11:15 of 2nd period - Tyler Motte is hit by Adam Erne and loses puck.
11:38 of 2nd period - Icing by Eric Robinson.
11:39 of 2nd period - Mikael Granlund wins face-off versus Tyler Motte in CHICAGO Blackhawks zone.
12:41 of 2nd period - Shot by Tom Wilson.
12:41 of 2nd period - Deflect By Jonathan Toews.
12:41 of 2nd period - Shot Blocked by Jordan Oesterle.
13:07 of 2nd period - Shot by Jakub Vrana.
13:07 of 2nd period - Shot Blocked by Olli Maatta.
13:09 of 2nd period - Shot by Brett Ritchie.
13:09 of 2nd period - Shot Misses the Net.
13:11 of 2nd period - Shot by Sam Carrick.
13:11 of 2nd period - Stopped by Connor Hellebuyck without a rebound.
13:12 of 2nd period - Trent Frederic wins face-off versus Sebastian Aho in VEGAS Golden Knights zone.
13:26 of 2nd period - Icing by Tyler Motte.
13:27 of 2nd period - Colton Sissons wins face-off versus Trent Frederic in CHICAGO Blackhawks zone.
13:36 of 2nd period - Marcus Foligno is hit by Adam Erne.
13:41 of 2nd period - Shot by Adam Erne.
13:41 of 2nd period - Shot Misses the Net.
13:43 of 2nd period - Shot by Colton Sissons.
13:43 of 2nd period - Shot Misses the Net.
13:45 of 2nd period - Shot by Adam Erne.
13:45 of 2nd period - Stopped by James Reimer without a rebound.
13:46 of 2nd period - Sebastian Aho wins face-off versus Teuvo Teravainen in CHICAGO Blackhawks zone.
13:54 of 2nd period - Icing by Aaron Ekblad.
13:55 of 2nd period - Sebastian Aho wins face-off versus Jonathan Toews in CHICAGO Blackhawks zone.
14:01 of 2nd period - Icing by Aaron Ekblad.
14:02 of 2nd period - Jared McCann wins face-off versus Teuvo Teravainen in CHICAGO Blackhawks zone.
14:47 of 2nd period - Icing by Olli Maatta.
14:48 of 2nd period - Sebastian Aho wins face-off versus Trent Frederic in VEGAS Golden Knights zone.
15:14 of 2nd period - Trent Frederic is hit by Noah Hanifin and loses puck.
15:21 of 2nd period - Shot by Andrei Svechnikov.
15:21 of 2nd period - Stopped by James Reimer with a rebound.
15:23 of 2nd period - Shot by Tony DeAngelo.
15:23 of 2nd period - Shot Misses the Net.
15:25 of 2nd period - Shot by Alex Killorn.
15:25 of 2nd period - Stopped by James Reimer with a rebound.
16:01 of 2nd period - Shot by Colton Sissons.
16:01 of 2nd period - Deflect By Evgenii Dadonov.
16:01 of 2nd period - Shot Misses the Net.
16:03 of 2nd period - Shot by Colton Sissons.
16:03 of 2nd period - Shot Misses the Net.
16:05 of 2nd period - Shot by Evgenii Dadonov.
16:05 of 2nd period - Shot Misses the Net.
16:07 of 2nd period - Shot by Evgenii Dadonov.
16:07 of 2nd period - Shot Misses the Net.
16:17 of 2nd period - Shot by Adam Erne.
16:17 of 2nd period - Stopped by James Reimer without a rebound.
16:18 of 2nd period - Noel Acciari wins face-off versus Teuvo Teravainen in CHICAGO Blackhawks zone.
16:18 of 2nd period - Adam Larsson is hit by Aaron Ekblad and loses puck.
16:29 of 2nd period - Devin Shore is hit by Teuvo Teravainen and loses puck.
16:42 of 2nd period - Shot by Jonathan Toews.
16:42 of 2nd period - Stopped by Connor Hellebuyck without a rebound.
16:43 of 2nd period - Sam Carrick wins face-off versus Sebastian Aho in VEGAS Golden Knights zone.
16:54 of 2nd period - Shot by Brett Ritchie.
16:54 of 2nd period - Shot Misses the Net.
16:56 of 2nd period - Shot by Matt Irwin.
16:56 of 2nd period - Shot Misses the Net.
16:58 of 2nd period - Shot by Sam Carrick.
16:58 of 2nd period - Deflect By Brett Ritchie.
16:58 of 2nd period - Stopped by Connor Hellebuyck with a rebound.
17:02 of 2nd period - Shot by Brett Ritchie.
17:02 of 2nd period - Shot Blocked by Mike Reilly.
17:48 of 2nd period - Shot by Aaron Ekblad.
17:48 of 2nd period - Shot Blocked by Mike Reilly.
18:02 of 2nd period - Shot by Teuvo Teravainen.
18:02 of 2nd period - Deflect By Tom Wilson.
18:02 of 2nd period - Shot Misses the Net.
18:15 of 2nd period - Tom Wilson is hit by Jordan Oesterle.
Goals for this period are 0 for CHICAGO Blackhawks vs 2 for VEGAS Golden Knights.
Shots for this period are 5 for CHICAGO Blackhawks vs 11 for VEGAS Golden Knights.

3rd period


0:01 of 3rd period - Sebastian Aho wins face-off versus Jonathan Toews in neutral zone.
0:23 of 3rd period - Icing by Adam Larsson.
0:24 of 3rd period - Sebastian Aho wins face-off versus Trent Frederic in VEGAS Golden Knights zone.
0:29 of 3rd period - Erik Johnson is hit by Sebastian Aho and loses puck.
0:43 of 3rd period - Tyler Motte is hit by Adam Larsson and loses puck.
1:07 of 3rd period - Off-side.
1:08 of 3rd period - Mikael Granlund wins face-off versus Jonathan Toews in neutral zone.
1:15 of 3rd period - Teuvo Teravainen is hit by Andrei Svechnikov and loses puck.
1:28 of 3rd period - Shot by Teuvo Teravainen.
1:28 of 3rd period - Stopped by Connor Hellebuyck without a rebound.
1:29 of 3rd period - Sam Carrick wins face-off versus Colton Sissons in VEGAS Golden Knights zone.
1:40 of 3rd period - Shot by Sam Carrick.
1:40 of 3rd period - Stopped by Connor Hellebuyck with a rebound.
1:51 of 3rd period - Evgenii Dadonov is hit by Nicolas Hague and loses puck.
2:27 of 3rd period - Shot by Andrei Svechnikov.
2:27 of 3rd period - Shot Misses the Net.
2:29 of 3rd period - Shot by Andrei Svechnikov.
2:29 of 3rd period - Shot Blocked by Brett Ritchie.
2:33 of 3rd period - Shot by Alex Killorn.
2:33 of 3rd period - Shot Blocked by Brett Ritchie.
2:35 of 3rd period - Shot by Mikael Granlund.
2:35 of 3rd period - Stopped by James Reimer with a rebound.
2:37 of 3rd period - Shot by Adam Larsson.
2:37 of 3rd period - Stopped by James Reimer without a rebound.
2:38 of 3rd period - Sebastian Aho wins face-off versus Jonathan Toews in CHICAGO Blackhawks zone.
2:45 of 3rd period - Shot by Sebastian Aho.
2:45 of 3rd period - Stopped by James Reimer without a rebound.
2:46 of 3rd period - Jonathan Toews wins face-off versus Sebastian Aho in CHICAGO Blackhawks zone.
2:55 of 3rd period - Shot by Jonathan Toews.
2:55 of 3rd period - Shot Misses the Net.
2:57 of 3rd period - Shot by Matt Roy.
2:57 of 3rd period - Shot Misses the Net.
2:59 of 3rd period - Shot by Aaron Ekblad.
2:59 of 3rd period - Shot Misses the Net.
3:01 of 3rd period - Shot by Teuvo Teravainen.
3:01 of 3rd period - Shot Misses the Net.
3:07 of 3rd period - Shot by Jonathan Toews.
3:07 of 3rd period - Stopped by Connor Hellebuyck without a rebound.
3:08 of 3rd period - Mikael Granlund wins face-off versus Trent Frederic in VEGAS Golden Knights zone.
3:41 of 3rd period - Minor Penalty to Alex Killorn for Tripping.
3:42 of 3rd period - Jonathan Toews wins face-off versus Colton Sissons in VEGAS Golden Knights zone.
5:02 of 3rd period - Shot by Erik Johnson.
5:02 of 3rd period - Shot Misses the Net.
5:29 of 3rd period - Shot by Sam Carrick.
5:29 of 3rd period - Shot Misses the Net.
5:31 of 3rd period - Shot by Matt Roy.
5:31 of 3rd period - Shot Blocked by Adam Larsson.
5:33 of 3rd period - Shot by Aaron Ekblad.
5:33 of 3rd period - Goal by Aaron Ekblad - CHICAGO Blackhawks : 2 - VEGAS Golden Knights : 2.
5:34 of 3rd period - Sam Carrick wins face-off versus Alex Killorn in neutral zone.
5:59 of 3rd period - Alex Killorn is hit by Sam Carrick and loses puck.
6:23 of 3rd period - Off-side.
6:24 of 3rd period - Trent Frederic wins face-off versus Noel Acciari in neutral zone.
6:37 of 3rd period - Shot by Phil Di Giuseppe.
6:37 of 3rd period - Stopped by James Reimer without a rebound.
6:38 of 3rd period - Jonathan Toews wins face-off versus Sebastian Aho in CHICAGO Blackhawks zone.
6:38 of 3rd period - Tom Wilson is hit by Jared McCann and loses puck.
6:59 of 3rd period - Shot by Tomas Tatar.
6:59 of 3rd period - Stopped by James Reimer without a rebound.
7:00 of 3rd period - Colton Sissons wins face-off versus Trent Frederic in CHICAGO Blackhawks zone.
7:23 of 3rd period - Shot by Colton Sissons.
7:23 of 3rd period - Stopped by James Reimer without a rebound.
7:24 of 3rd period - Jonathan Toews wins face-off versus Sebastian Aho in CHICAGO Blackhawks zone.
7:40 of 3rd period - Erik Johnson is hit by Tomas Tatar.
7:52 of 3rd period - Shot by Teuvo Teravainen.
7:52 of 3rd period - Stopped by Connor Hellebuyck without a rebound.
7:53 of 3rd period - Mikael Granlund wins face-off versus Trent Frederic in VEGAS Golden Knights zone.
8:25 of 3rd period - Icing by Matt Roy.
8:26 of 3rd period - Sebastian Aho wins face-off versus Trent Frederic in CHICAGO Blackhawks zone.
8:33 of 3rd period - Shot by Tomas Tatar.
8:33 of 3rd period - Shot Blocked by Tyler Motte.
8:39 of 3rd period - Jared McCann is hit by Trent Frederic and loses puck.
8:54 of 3rd period - Shot by Tomas Tatar.
8:54 of 3rd period - Shot Misses the Net.
9:22 of 3rd period - Shot by Teuvo Teravainen.
9:22 of 3rd period - Stopped by Connor Hellebuyck without a rebound.
9:23 of 3rd period - Sam Carrick wins face-off versus Mikael Granlund in VEGAS Golden Knights zone.
9:26 of 3rd period - Shot by Sam Carrick.
9:26 of 3rd period - Stopped by Connor Hellebuyck with a rebound.
9:54 of 3rd period - Shot by Sam Carrick.
9:54 of 3rd period - Shot Misses the Net.
9:56 of 3rd period - Shot by Nicolas Hague.
9:56 of 3rd period - Stopped by Connor Hellebuyck without a rebound.
9:57 of 3rd period - Jonathan Toews wins face-off versus Colton Sissons in VEGAS Golden Knights zone.
10:14 of 3rd period - Shot by Colton Sissons.
10:14 of 3rd period - Shot Misses the Net.
10:16 of 3rd period - Shot by Evgenii Dadonov.
10:16 of 3rd period - Shot Blocked by Jonathan Toews.
10:18 of 3rd period - Shot by Adam Erne.
10:18 of 3rd period - Deflect By Colton Sissons.
10:18 of 3rd period - Shot Misses the Net.
10:20 of 3rd period - Shot by Evgenii Dadonov.
10:20 of 3rd period - Stopped by James Reimer without a rebound.
10:21 of 3rd period - Tyler Motte wins face-off versus Sebastian Aho in CHICAGO Blackhawks zone.
10:38 of 3rd period - Shot by Tyler Motte.
10:38 of 3rd period - Shot Blocked by Noah Hanifin.
10:40 of 3rd period - Shot by Eric Robinson.
10:40 of 3rd period - Stopped by Connor Hellebuyck without a rebound.
10:41 of 3rd period - Jonathan Toews wins face-off versus Mikael Granlund in VEGAS Golden Knights zone.
10:55 of 3rd period - Icing by Adam Larsson.
10:56 of 3rd period - Mikael Granlund wins face-off versus Trent Frederic in VEGAS Golden Knights zone.
11:11 of 3rd period - Shot by Andrei Svechnikov.
11:11 of 3rd period - Deflect By Alex Killorn.
11:11 of 3rd period - Stopped by James Reimer without a rebound.
11:12 of 3rd period - Jonathan Toews wins face-off versus Sebastian Aho in CHICAGO Blackhawks zone.
11:27 of 3rd period - Shot by Teuvo Teravainen.
11:27 of 3rd period - Shot Misses the Net.
11:39 of 3rd period - Shot by Tom Wilson.
11:39 of 3rd period - Stopped by Connor Hellebuyck without a rebound.
11:40 of 3rd period - Trent Frederic wins face-off versus Mikael Granlund in VEGAS Golden Knights zone.
12:04 of 3rd period - Tyler Motte is hit by Adam Larsson and loses puck.
12:34 of 3rd period - Olli Maatta is hit by Josh Manson.
13:40 of 3rd period - Shot by Sam Carrick.
13:40 of 3rd period - Shot Blocked by Sebastian Aho.
13:43 of 3rd period - Minor Penalty to Sam Carrick for Hooking.
13:44 of 3rd period - Noel Acciari wins face-off versus Jonathan Toews in CHICAGO Blackhawks zone.
14:15 of 3rd period - Shot by Noah Hanifin.
14:15 of 3rd period - Stopped by James Reimer without a rebound.
14:16 of 3rd period - Trent Frederic wins face-off versus Sebastian Aho in CHICAGO Blackhawks zone.
14:16 of 3rd period - Trent Frederic is hit by Colton Sissons.
15:18 of 3rd period - Icing by Tomas Tatar.
15:19 of 3rd period - Adam Larsson wins face-off versus Jonathan Toews in VEGAS Golden Knights zone.
15:32 of 3rd period - Shot by Tony DeAngelo.
15:32 of 3rd period - Stopped by James Reimer without a rebound.
15:33 of 3rd period - Jonathan Toews wins face-off versus Sebastian Aho in CHICAGO Blackhawks zone.
16:09 of 3rd period - Icing by Taylor Raddysh.
16:10 of 3rd period - Tyler Motte wins face-off versus Sebastian Aho in CHICAGO Blackhawks zone.
16:10 of 3rd period - Tyler Motte is hit by Sebastian Aho.
16:20 of 3rd period - Shot by Taylor Raddysh.
16:20 of 3rd period - Shot Misses the Net.
16:22 of 3rd period - Shot by Nicolas Hague.
16:22 of 3rd period - Shot Blocked by Adam Larsson.
16:29 of 3rd period - Tyler Motte is hit by Olli Maatta and loses puck.
16:59 of 3rd period - Off-side.
17:00 of 3rd period - Colton Sissons wins face-off versus Sam Carrick in neutral zone.
17:08 of 3rd period - Evgenii Dadonov is hit by Erik Johnson and loses puck.
18:10 of 3rd period - Off-side.
18:11 of 3rd period - Jonathan Toews wins face-off versus Sebastian Aho in neutral zone.
18:31 of 3rd period - Shot by Teuvo Teravainen.
18:31 of 3rd period - Shot Misses the Net.
18:47 of 3rd period - Shot by Teuvo Teravainen.
18:47 of 3rd period - Shot Misses the Net.
18:49 of 3rd period - Shot by Jonathan Toews.
18:49 of 3rd period - Stopped by Connor Hellebuyck without a rebound.
18:50 of 3rd period - Mikael Granlund wins face-off versus Trent Frederic in VEGAS Golden Knights zone.
19:14 of 3rd period - Minor Penalty to Jordan Oesterle for Holding.
19:15 of 3rd period - Sebastian Aho wins face-off versus Jonathan Toews in VEGAS Golden Knights zone.
19:46 of 3rd period - Shot by Jonathan Toews.
19:46 of 3rd period - Shot Blocked by Olli Maatta.
19:48 of 3rd period - Shot by Jonathan Toews.
19:48 of 3rd period - Deflect By Trent Frederic.
19:48 of 3rd period - Goal by Trent Frederic - CHICAGO Blackhawks : 3 - VEGAS Golden Knights : 2.
19:49 of 3rd period - Alex Killorn wins face-off versus Jonathan Toews in neutral zone.
19:54 of 3rd period - Aaron Ekblad is hit by Alex Killorn and loses puck.
19:58 of 3rd period - Icing by Aaron Ekblad.
19:59 of 3rd period - Sebastian Aho wins face-off versus Trent Frederic in CHICAGO Blackhawks zone.
Goals for this period are 2 for CHICAGO Blackhawks vs 0 for VEGAS Golden Knights.
Shots for this period are 12 for CHICAGO Blackhawks vs 10 for VEGAS Golden Knights. Output by the SimonT Hockey Simulator (STHS) for Martin Benoit - Original Page W3C HTML5 Valid
Hockey Simulator - Hockey Simulation - Hockey Manager